 Dungeon Crawl Stone Soup version 0.28.0-45-g0d030f2227 (webtiles) character file.

Game seed: 903987900028243291

586 seaoflcl the Covered (level 7, 0/55 HPs)
             Began as a Human Fighter on Apr 10, 2022.
             Was a Believer of Vehumet.
             Slain by a killer bee (7 damage)
             ... on level 4 of the Dungeon.
             The game lasted 00:06:51 (4230 turns).

seaoflcl the Covered (Human Fighter)                Turns: 4230, Time: 00:06:52

Health: 0/55       AC: 14    Str: 18    XL:     7   Next: 65%
Magic:  7/7        EV:  9    Int:  9    God:    Vehumet [**....]
Gold:   124        SH:  5    Dex: 12    Spells: 6/6 levels left

rFire   + . .      SeeInvis .   w - +3 flail
rCold   . . .      Faith    .   c - +0 buckler
rNeg    . . .      Spirit   .   s - +4 scale mail {rPois}
rPois   +          Reflect  .   t - +0 helmet
rElec   .          Harm     .   b - +0 cloak
rCorr   .          Rampage  .   (no gloves)
Will    .....                   r - +0 pair of boots
Stlth   ..........              (no amulet)
HPRegen 0.18/turn               f - ring of poison resistance
MPRegen 0.10/turn               q - ring of protection from fire

@: no status effects
A: no striking features
a: Renounce Religion


You were on level 4 of the Dungeon.
You worshipped Vehumet.
Vehumet was pleased with you.
You visited 1 branch of the dungeon, and saw 5 of its levels.

You collected 124 gold pieces.

Inventory:

Hand Weapons
 a - a +0 long sword
 j - a +1 vorpal hand axe
 p - a +0 hunting sling
 w - a +3 flail (weapon)
Armour
 b - a +0 cloak (worn)
 c - a +0 buckler (worn)
 o - a scarf of invisibility
 r - a +0 pair of boots (worn)
 s - a +4 scale mail of poison resistance (worn)
 t - a +0 helmet (worn)
Jewellery
 f - a ring of poison resistance (left hand)
 q - a ring of protection from fire (right hand)
Wands
 x - a wand of polymorph (6)
Scrolls
 e - 6 scrolls of identify {unknown}
 k - a scroll of silence {unknown}
 m - 2 scrolls of magic mapping {unknown}
 n - a scroll of immolation {unknown}
 v - a scroll of enchant armour {unknown}
Potions
 d - a potion of heal wounds
 g - a potion of lignification {unknown}
 h - a potion of resistance {unknown}
 i - a potion of mutation {unknown}
 u - 2 potions of degeneration {unknown}


   Skills:
 + Level 4.3 Fighting
 + Level 2.8 Long Blades
 + Level 3.6(3.7) Axes
 + Level 1.1(2.5) Maces & Flails
 + Level 4.7 Armour
 + Level 2.0 Dodging
 + Level 0.5 Stealth
 + Level 3.8 Shields
 + Level 0.1 Unarmed Combat


You had 6 spell levels left.
You didn't know any spells.
Your spell library was empty.

Dungeon Overview and Level Annotations

Branches:
Dungeon (5/15)
 Temple: D:4-7

Altars:
Trog
Vehumet


Message History

You sock the killer bee!
The killer bee is moderately wounded.
You feel sick.
The killer bee stings you but does no damage.
The killer bee closely misses you.
You completely miss the killer bee.
The killer bee is moderately wounded.
You feel sick. You block the killer bee's attack.
The killer bee stings you but does no damage.
The killer bee stings you!
* * * LOW HITPOINT WARNING * * *
It was a potion of curing.
You feel better.
The killer bee stings you but does no damage.
The killer bee stings you.
* * * LOW HITPOINT WARNING * * *
You feel better.
The killer bee stings you but does no damage. x2
You barely miss the killer bee.
The killer bee is moderately wounded.
The killer bee stings you but does no damage.
The killer bee stings you!
You miss the killer bee.
The killer bee is moderately wounded.
The killer bee stings you but does no damage. x3
You completely miss the killer bee.
The killer bee is moderately wounded.
The killer bee stings you.
* * * LOW HITPOINT WARNING * * *
The killer bee stings you but does no damage.
You block the killer bee's attack.
You miss the killer bee.
The killer bee is moderately wounded.
The killer bee stings you!
* * * LOW HITPOINT WARNING * * *
The killer bee stings you but does no damage.
The killer bee barely misses you.
You sock the killer bee!
The killer bee is almost dead.
The killer bee stings you!
You die...

.# #.#####)##.#####.# .#
#................#
.#########.#.#.##.#######
........).###..##.#
##########.#.#.##.#
##.##.##.#
#######.##.##.#
#.........y##.#
#.#####...yy@.# #.#
######### #.# #.# #.# #
#.# # #.# #####.# #.....#


You could see 3 killer bees.

Vanquished Creatures
  A phantom (D:4)
  A scorpion (D:3)
  2 killer bees (D:4)
  An orc priest (D:4)
  Crazy Yiuf (D:2)
  Terence (D:2)
  Natasha (twice) (D:1)
  3 orc wizards
  Robin (D:2)
  A howler monkey skeleton (D:4)
  3 adders
  An ufetubus (D:4)
  A worm (D:3)
  A dart slug (D:2)
  8 orcs
  2 endoplasms (D:2)
  A giant cockroach (D:2)
  11 hobgoblins
  9 jackals
  3 quokkas
  8 ball pythons
  8 bats
  5 frilled lizards
  15 goblins
  4 kobolds
  A quokka skeleton (D:4)
  4 rats
99 creatures vanquished.

Notes
Turn   | Place    | Note
-------+----------+-------------------------------------------
     0 | D:1      | seaoflcl the Human Fighter began the quest for the Orb.
     0 | D:1      | Reached XP level 1. HP: 18/18 MP: 1/1
    38 | D:1      | Reached XP level 2. HP: 22/24 MP: 2/2
   351 | D:1      | Reached XP level 3. HP: 25/29 MP: 3/3
   862 | D:2      | Noticed Natasha
   872 | D:1      | Killed Natasha
   873 | D:1      | Reached XP level 4. HP: 17/35 MP: 4/4
   907 | D:1      | Noticed Natasha
   920 | D:1      | Killed Natasha
   921 | D:1      | Reached skill level 1 in Dodging
  1228 | D:2      | Reached skill level 1 in Axes
  1228 | D:2      | Reached XP level 5. HP: 41/41 MP: 5/5
  1294 | D:2      | Found a faded altar of an unknown god.
  1404 | D:2      | Noticed Terence
  1418 | D:2      | Killed Terence
  1548 | D:2      | Noticed Robin
  1585 | D:2      | Killed Robin
  1714 | D:2      | Prayed at the altar of an unknown god.
  1714 | D:2      | Became a worshipper of Vehumet
  1714 | D:2      | Reached * piety under Vehumet
  1714 | D:2      | Offered knowledge of Freeze by Vehumet.
  1775 | D:2      | Found a runed translucent door.
  1776 | D:2      | Noticed Crazy Yiuf
  1866 | D:2      | Killed Crazy Yiuf
  2182 | D:3      | Reached XP level 6. HP: 48/48 MP: 6/6
  3200 | D:4      | Reached XP level 7. HP: 50/54 MP: 7/7
  3486 | D:4      | Found a bloodstained altar of Trog.
  4206 | D:5      | Entered Level 5 of the Dungeon
  4215 | D:4      | Reached ** piety under Vehumet
  4215 | D:4      | Offered knowledge of Sandblast by Vehumet.
  4221 | D:4      | Reached skill level 1 in Maces & Flails
  4230 | D:4      | Slain by a killer bee

Illustrated notes

Levels and vault maps discovered:
D:1:      dpeg_arrival_water_temple_mockup, layout_basic
D:2:      layout_rooms, nicolae_ecumenical_lake_church, uniq_crazy_yiuf_cottage,
          uniq_robin, uniq_terence, uniq_natasha
D:3:      layout_loops_corners, minmay_misc_feat_plants
D:4:      layout_loops_ring, mainiacjoe_overflow_catwalk,
          minmay_misc_feat_square
D:5:      nicolae_cairo_tiling_very_big, layout_rooms, nrook_pool_corridor

Skill      XL: |  1  2  3  4  5  6  7 |
---------------+----------------------+-----
Dodging        | 1 2 |  2.0
Axes           | 1 2 3 |  3.6
Fighting       | 4 |  4.3
Armour         | 4 |  4.7
Maces & Flails | 1 |  1.1
Long Blades    | |  2.8
Stealth        | |  0.5
Shields        | |  3.8
Unarmed Combat | |  0.1

Action                   |  1- 3 |  4- 6 |  7- 9 || total
-------------------------+-------+-------+-------++-------
Melee: Long sword        |    54 |       |       ||    54
       Hand axe          |    26 |   191 |     4 ||   221
       Flail             |       |       |    71 ||    71
       Unarmed           |       |       |     4 ||     4
  Use: Potion            |       |     1 |     2 ||     3
Armor: Scale mail        |    45 |   106 |    84 ||   235
Dodge: Dodged            |    37 |    85 |    63 ||   185
Block: Buckler           |    22 |    43 |    31 ||    96
